 Dungeon Crawl Stone Soup version 0.28-a0-1152-g9c71ebef14 (webtiles) character file.

Game seed: 1130639121186812833

0 karkarkar the Shield-Bearer (level 1, -5/18 HPs)
             Began as a Formicid Fighter on Dec 14, 2021.
             Succumbed to a kobold's poison
             ... on level 1 of the Dungeon.
             The game lasted 00:00:18 (37 turns).

karkarkar the Shield-Bearer (Formicid Fighter)        Turns: 37, Time: 00:00:18

Health: -5/18      AC:  6    Str: 20    XL:     1   Next: 11%
Magic:  1/1        EV:  9    Int:  7    God:
Gold:   0          SH:  4    Dex: 10    Spells: 0/0 levels left

rFire   . . .      SeeInvis +   a - +0 war axe
rCold   . . .      Faith    .   c - +0 buckler
rNeg    . . .      Spirit   .   b - +0 scale mail
rPois   .          Reflect  .   (helmet unavailable)
rElec   .          Harm     .   (no cloak)
rCorr   .          Rampage  .   (no gloves)
Will    .....                   (no boots)
Stlth   ..........              (no amulet)
HPRegen 0.06/turn               (no ring)
MPRegen 0.07/turn               (no ring)

@: mighty, lethally poisoned (-5 -> -32)
A: permanent stasis, dig shafts and tunnels, antennae 3, four strong arms
a: Dig, Shaft Self


You were on level 1 of the Dungeon.
You visited 1 branch of the dungeon, and saw 1 of its levels.

Inventory:

Hand Weapons
 a - a +0 war axe (weapon)
Armour
 b - a +0 scale mail (worn)
 c - a +0 buckler (worn)


   Skills:
 + Level 3.3 Fighting
 + Level 2.0 Axes
 + Level 3.3 Armour
 + Level 3.6 Shields


You couldn't memorise any spells.
You didn't know any spells.
Your spell library was empty.

Dungeon Overview and Level Annotations

Branches:
Dungeon (1/15)

Altars:


Innate Abilities, Weirdness & Mutations

You cannot be hasted, slowed, berserked, paralysed or teleported.
You can dig through walls and to a lower floor.
You have a pair of large antennae on your head. (SInv)
Your four strong arms can wield two-handed weapons with a shield.


Message History

Welcome, karkarkar the Formicid Fighter.
Are you destined to find the magnificent Orb of Zot, or to die trying?
Press ? for a list of commands and other information.
Found a staircase leading out of the dungeon.
Found a robe.
You sense a monster nearby.
No target in view!
No target in view!
You extend your mandibles.
You retract your mandibles.
You sense a monster nearby.
You extend your mandibles.
You dig through the rock wall.
A hobgoblin and 2 kobolds come into view.
A kobold is wielding a +2 short sword of venom.
The kobold shouts!
The hobgoblin shouts!
A hobgoblin comes into view.
The kobold hits you but does no damage.
You are poisoned.
You block the kobold's attack.
You retract your mandibles.
You hit the kobold.
You kill the kobold!
You barely miss the kobold.
You feel very sick.
The kobold hits you with a +2 short sword of venom.
You are lethally poisoned!
You barely miss the kobold.
You feel very sick.
An endoplasm comes into view.
The kobold hits you with a +2 short sword of venom.
* * * LOW HITPOINT WARNING * * *
You are more poisoned.
The kobold barely misses you.
You feel very mighty all of a sudden.
You die...

##.......##
###.####
###...######...###
########.......##
#...........#
.##....♣....#
#.........#
##.......##
###...### ###@#
#J.g.g.)K.#
..######### {


You could see an endoplasm (wandering), 2 hobgoblins and a kobold.

Vanquished Creatures
  A kobold (D:1)
1 creature vanquished.

Notes
Turn   | Place    | Note
-------+----------+-------------------------------------------
     0 | D:1      | karkarkar the Formicid Fighter began the quest for the Orb.
     0 | D:1      | Reached XP level 1. HP: 18/18 MP: 1/1
    37 | D:1      | Succumbed to a kobold's poison

Illustrated notes

Levels and vault maps discovered:
D:1:      dpeg_arrival_three_same_balls, layout_basic

Action                   || total
-------------------------++-------
Melee: War axe           ||     2
 Abil: Dig               ||     2
  Use: Potion            ||     1
Armor: Scale mail        ||     1
Dodge: Dodged            ||     1
Block: Buckler           ||     1

Table legend: (Time is in decaauts)
 A = Elapsed time spent in this place.
 B = Non-inter-level travel time spent in this place.
 C = Inter-level travel time spent in this place.
 D = Time resting spent in this place.
 E = Time spent auto-exploring this place.
 F = Levels seen in this place.
 G = Mean time per level.
                   A        B        C        D        E       F      G
               +--------+--------+--------+--------+--------+-----+--------+
         Total |     38 |     38 |      0 |      0 |     20 |   1 |   38.0 |
       Dungeon |     38 |     38 |      0 |      0 |     20 |   1 |   38.0 |
               +--------+--------+--------+--------+--------+-----+--------+

Top non-repeatable levels by time:
     D:1: 38 daAuts
